 Dungeon Crawl Stone Soup version 0.16-a0-4083-g5af668b (webtiles) character file.

6000 timbw the Cleaver (level 10, -1/88 HPs)
             Began as a Centaur Fighter on Feb 23, 2015.
             Was a High Priest of Makhleb.
             Slain by a trapdoor spider (3 damage)
             ... on level 11 of the Dungeon.
             The game lasted 00:24:07 (6505 turns).

timbw the Cleaver (Centaur Fighter)                 Turns: 6505, Time: 00:24:07

Health: -1/88      AC: 13    Str: 22    XL:     10   Next: 55%
Magic:  12/14      EV:  8    Int:  7    God:    Makhleb [*****.]
Gold:   482        SH:  0    Dex:  9    Spells: 0 memorised, 9 levels left

rFire  . . .     SeeInvis .     a - +0 war axe
rCold  . . .     Clarity  +     F - +5 ring mail of Puczo {rPois}
rNeg   . . .     SustAb   .     (no shield)
rPois  +         Gourm    .     I - +0 helmet
rElec  .         Spirit   .     e - +0 cloak
rCorr  .         Warding  .     (no gloves)
rMut   .         Stasis   .     (no barding)
MR     .....                    f - amulet of clarity
Stlth  ..........               (no ring)
                                s - ring of invisibility

@: about to teleport, very slightly contaminated, invisible, very quick, not
resistant to hostile enchantments, extremely unstealthy
A: hooves 3, blink 1, deformed body, speed 2, tough skin 3
a: Blink, Minor Destruction, Lesser Servant of Makhleb, Major Destruction,
Greater Servant of Makhleb, Renounce Religion, Turn Visible


You were on level 11 of the Dungeon.
You worshipped Makhleb.
Makhleb was extremely pleased with you.
You were hungry.

You visited 1 branch of the dungeon, and saw 11 of its levels.

You collected 482 gold pieces.

Inventory:

Hand weapons
 a - a +0 war axe (weapon)
Missiles
 h - 27 poisoned needles
 r - 4 tomahawks (quivered)
Armour
 b - a +0 scale mail
 e - a +0 cloak (worn)
 g - a +3 chain mail
 m - a +0 plate armour
 D - a +1 hat
 F - the +5 ring mail of Puczo (worn) {rPois}
   (You found it on level 5 of the Dungeon)

   It protects you from poison.
 I - a +0 helmet (worn)
Jewellery
 f - an amulet of clarity (around neck)
 o - an uncursed amulet of warding
 s - a ring of invisibility (left hand)
 v - an uncursed amulet of resist mutation
 E - an uncursed amulet of the gourmand
Magical devices
 t - a wand of frost (12)
 L - a wand of confusion (30)
Scrolls
 l - 3 scrolls of teleportation
 p - a scroll of recharging
 q - 3 scrolls of remove curse
 C - 5 scrolls of magic mapping
Potions
 c - a potion of cancellation
 j - 3 potions of curing
 n - a potion of might
 u - a potion of agility
 z - a potion of ambrosia
 A - a potion of brilliance
 B - a potion of degeneration
 G - a potion of haste
Books
 y - a book of Summonings

   Spells                             Type                      Level
   a - Abjuration                     Summoning                    3
   b - Recall                         Summoning/Translocation      3
   c - Shadow Creatures               Summoning                    5
   d - Summon Demon                   Summoning                    5
   e - Summon Forest                  Summoning/Translocation      5
   f - Monstrous Menagerie            Summoning                    6
 K - a book of Conjurations

   Spells                             Type                      Level
   a - Magic Dart                     Conjuration                  1
   b - Searing Ray                    Conjuration                  2
   c - Dazzling Spray                 Conjuration/Hexes            3
   d - Fulminant Prism                Conjuration/Hexes            4
   e - Iskenderun's Mystic Blast      Conjuration                  4
   f - Iskenderun's Battlesphere      Conjuration/Charms           5
Comestibles
 d - 8 bread rations
 i - 2 royal jellies
 k - 3 slices of pizza
 w - 3 fruits
 x - 6 meat rations
 H - 2 beef jerkies


   Skills:
 + Level 7.8 Fighting
 * Level 11.8 Axes
 + Level 3.3 Armour
   Level 2.1 Shields
 + Level 4.0 Invocations
 + Level 2.8 Evocations


You had 9 spell levels left.
You didn't know any spells.

Dungeon Overview and Level Annotations

Branches:
Dungeon (11/15)            Temple (0/1) D:5
   Lair: D:8-11         Orc: D:9-12

Altars:
Ashenzari
Fedhas
Makhleb
Ru
Sif Muna

Shops:
D:8 (


Innate Abilities, Weirdness & Mutations

You have hooves in place of feet.
Armour fits poorly on your strangely shaped body.
You cover ground very quickly.
You have extremely tough skin (AC +3).
You can translocate small distances at will.


Message History

Read which item? (? for menu, Esc to quit)
As you read the scroll of teleportation, it crumbles to dust.
You feel strangely unstable.
You are covered in liquid flames!
* * * LOW HITPOINT WARNING * * *
The centaur skeleton closely misses you.
The centaur skeleton hits you but does no damage.
Unknown command.
You are covered in liquid flames!
* * * LOW HITPOINT WARNING * * *
The trapdoor spider bites you!
* * * LOW HITPOINT WARNING * * *
The centaur skeleton hits you but does no damage.
A worker ant comes into view.
Unknown command.
You are covered in liquid flames!
* * * LOW HITPOINT WARNING * * *
The worker ant twitches its antennae in your direction.
The trapdoor spider bites you.
You die...

#...# #...# #<..#
#)o.# . #.o.# .##
#.o.# ..#( #)o.#
...##
....###)#####.......
#......oZ@sD).....
#.#########.......
...>. ...a ... #


You could see a trapdoor spider, an orc warrior, a mottled dragon, a worker ant
(wandering) and a centaur skeleton.

Vanquished Creatures
  Pikel (D:7)
  A troll (D:9)
  Grinder (D:3)
  A wraith (D:10)
  A shadow (D:11)
  2 hungry ghosts
  A steam dragon (D:9)
  3 hippogriffs
  2 wyverns
  A water moccasin (D:7)
  2 orc warriors
  2 slaves (D:7)
  A phantom (D:4)
  3 ice beasts
  An eye of draining (D:8)
  A sky beast (D:5)
  A wasp (D:8)
  5 centaurs
  A necrophage (D:10)
  3 ogres
  Sigmund (D:7)
  2 big kobolds
  A wyvern zombie (D:7)
  2 giant frogs
  3 scorpions
  7 wights
  A goliath beetle (D:9)
  2 giant frog zombies (D:8)
  A gnoll shaman (D:9)
  2 hounds
  2 centaur skeletons
  7 orc priests
  A giant frog skeleton (D:7)
  A jelly (D:8)
  6 worker ants
  5 iguanas
  7 orc wizards
  Jessica (D:2)
  2 hound zombies
  A worker ant zombie (D:5)
  5 adders
  7 gnolls (D:9)
  A shadow imp (D:7)
  3 giant mites
  An adder skeleton (D:9)
  2 giant geckos
  An ooze (D:1)
  21 orcs
  A ball python (D:3)
  5 bats
  A bat skeleton (D:4)
  3 giant cockroaches
  4 goblins
  5 hobgoblins
  12 kobolds
  A quokka (D:7)
  A giant gecko zombie (D:8)
  4 giant newts
  10 jackals
  A jackal skeleton (D:4)
  5 rats
183 creatures vanquished.

Vanquished Creatures (collateral kills)
  An orc warrior (D:9)
  2 gnolls (D:9)
  2 kobolds (D:9)
5 creatures vanquished.

Vanquished Creatures (others)
  A ynoxinul (D:10)
  A slave (D:7)
  An orc (D:7)
3 creatures vanquished.

Grand Total: 191 creatures vanquished

Notes
Turn   | Place    | Note
--------------------------------------------------------------
     0 | D:1      | timbw, the Centaur Fighter, began the quest for the Orb.
     0 | D:1      | Reached XP level 1. HP: 19/19 MP: 1/1
     0 | D:1      | Noticed an electric eel
   432 | D:4      | Found a deep blue altar of Sif Muna.
   449 | D:4      | Reached XP level 2. HP: 26/26 MP: 2/2
   454 | D:4      | Found a burning altar of Makhleb.
   581 | D:5      | Entered Level 5 of the Dungeon
   597 | D:4      | Became a worshipper of Makhleb the Destroyer
   643 | D:5      | Noticed a sky beast
  1054 | D:3      | Noticed Grinder
  1077 | D:3      | Paralysed by Grinder for 2 turns
  1086 | D:3      | Killed Grinder
  1086 | D:3      | Reached skill level 5 in Axes
  1086 | D:3      | Reached XP level 3. HP: 17/31 MP: 3/3
  1086 | D:3      | Reached XP level 4. HP: 20/38 MP: 3/3
  1086 | D:3      | Reached XP level 5. HP: 23/45 MP: 4/4
  1197 | D:3      | Found a sacrificial altar of Ru.
  1427 | D:2      | Noticed Jessica
  1432 | D:2      | Killed Jessica
  1760 | D:4      | Noticed a phantom
  1793 | D:4      | Killed a phantom
  1793 | D:4      | Reached skill level 6 in Axes
  1793 | D:4      | Reached XP level 6. HP: 35/51 MP: 5/5
  2223 | D:5      | Killed a sky beast
  2242 | D:5      | Noticed a centaur
  2255 | D:5      | Killed a centaur
  2255 | D:5      | Reached skill level 7 in Axes
  2255 | D:5      | Reached XP level 7. HP: 26/57 MP: 5/5
  2389 | D:5      | Got a slimy ring mail
  2400 | D:5      | Identified the +5 ring mail of Puczo {rPois} (You found it on level 5 of the Dungeon)
  2416 | D:5      | Noticed a centaur
  2431 | D:5      | Killed a centaur
  2441 | D:5      | Found a staircase to the Ecumenical Temple.
  2716 | D:5      | Acquired Makhleb's first power
  2823 | D:5      | Noticed an ice beast
  2834 | D:5      | Killed an ice beast
  2959 | D:5      | Reached skill level 8 in Axes
  2973 | D:5      | Noticed an ice beast
  2992 | D:5      | Killed an ice beast
  2992 | D:5      | Reached XP level 8. HP: 23/66 MP: 6/6
  3123 | D:6      | Found a blossoming altar of Fedhas.
  3209 | D:7      | Acquired Makhleb's second power
  3210 | D:7      | Found a burning altar of Makhleb.
  3255 | D:7      | Reached skill level 9 in Axes
  3284 | D:7      | Reached skill level 5 in Fighting
  3406 | D:7      | Noticed Sigmund
  3447 | D:7      | Killed Sigmund
  3630 | D:7      | Noticed Pikel
  3759 | D:7      | Killed Pikel
  3759 | D:7      | Reached skill level 10 in Axes
  3759 | D:7      | Reached XP level 9. HP: 62/75 MP: 7/7
  4221 | D:7      | Acquired Makhleb's third power
  4439 | D:7      | Reached skill level 11 in Axes
  4448 | D:7      | Reached skill level 1 in Invocations
  4658 | D:8      | Found Thre Leu's Weapon Boutique.
  4956 | D:9      | Found a shattered altar of Ashenzari.
  5025 | D:9      | Reached skill level 1 in Evocations
  5025 | D:9      | Reached XP level 10. HP: 72/86 MP: 10/10
  5047 | D:9      | Acquired Makhleb's fourth power
  5501 | D:9      | Gained mutation: You can translocate small distances at will. [potion of beneficial mutation]
  5737 | D:10     | Entered Level 10 of the Dungeon
  5771 | D:10     | Noticed a hill giant
  6433 | D:11     | Acquired Makhleb's fifth power
  6505 | D:11     | HP: 2/88 [burnt (6)]
  6505 | D:11     | Slain by a trapdoor spider

Action                   |  1- 3 |  4- 6 |  7- 9 | 10-12 || total
-------------------------+-------+-------+-------+-------++-------
Melee: War axe           |    49 |   104 |   368 |   241 ||   762
Throw: Tomahawk          |     1 |       |     7 |       ||     8
Invok: Minor Destruction |       |       |       |    10 ||    10
       Lesser Servant of |       |       |       |     5 ||     5
 Abil: Evoke Invisibilit |       |     1 |     1 |     1 ||     3
Evoke: Wand              |     6 |       |     5 |     1 ||    12
  Use: Potion            |     5 |       |     3 |     4 ||    12
       Scroll            |       |       |    14 |     2 ||    16
 Stab: Invisible         |       |     1 |     1 |       ||     2
       Confused          |       |       |     1 |       ||     1
  Eat: Chunk             |       |     1 |    13 |     1 ||    15
       Bread ration      |       |     1 |       |       ||     1
